 Dungeon Crawl Stone Soup version bcrawl-1.19.2-6-g6a88ae04c9 (webtiles) character file.

Game seed: 9417133858118088656

94 MisterOstroum the Sneak (level 4, -2/28 HPs)
             Began as a Vine Stalker Rogue on Dec 23, 2019.
             Slain by Natasha (3 damage)
             ... on level 3 of the Dungeon.
             The game lasted 00:02:37 (1476 turns).

MisterOstroum the Sneak (Vine Stalker Rogue)        Turns: 1476, Time: 00:02:38

Health: -2/28      AC:  3    Str: 14    XL:     4   Next: 63%
Magic:  6/6        EV: 12    Int: 11    God:
Gold:   87         SH:  0    Dex: 16    Spells: 3/3 levels left

rFire    . . .     SeeInvis .   a - +3 dagger
rCold    . . .     Gourm    .   (no shield)
rNeg     . . .     Faith    .   c - +0 robe
rPois    .         Spirit   .   (no helmet)
rElec    .         Reflect  .   d - +0 cloak
rCorr    .         Harm     .   (no gloves)
MR       .....                  (no boots)
Stlth    +++.......             (no amulet)
HPRegen  0.49/turn              (no ring)
MPRegen  0.10/turn              (no ring)

@: slowed, very slow
A: fangs 2, regeneration 1, no potion heal 3, rot immunity, strong jaws
a: no special abilities


You were on level 3 of the Dungeon.
You were hungry.

You visited 1 branch of the dungeon, and saw 3 of its levels.

You collected 87 gold pieces.

Inventory:

Hand Weapons
 a - a +3 dagger (weapon)
 b - a +0 blowgun
Missiles
 h - 71 poisoned needles
 l - 1275 stones (quivered)
Armour
 c - a +0 robe (worn)
 d - a +0 cloak (worn)
Jewellery
 i - a cursed ring of attention {unknown}
Wands
 f - a wand of flame (15)
 g - a wand of enslavement (15)
Scrolls
 j - 5 scrolls of enchant weapon
 o - a scroll of amnesia {unknown}
 p - a scroll of magic mapping {unknown}
 q - a scroll of noise {unknown}
 r - a scroll of teleportation {unknown}
Potions
 k - a potion of haste {unknown}
 m - a potion of cancellation {unknown}
 n - a potion of agility {unknown}
Comestibles
 e - 5 rations {!d}


   Skills:
 - Level 3.0 Fighting
 * Level 2.5 Short Blades
 + Level 1.1 Dodging
 + Level 6.2 Stealth
 + Level 2.2 Evocations


You had 3 spell levels left.
You didn't know any spells.
Your spell library was empty.

Dungeon Overview and Level Annotations

Branches:
Dungeon (3/12)

Altars:
Gozag
Wu Jian

Annotations:
D:2 Terence
D:3 Natasha


Innate Abilities, Weirdness & Mutations

You have extremely sharp teeth.
Your natural rate of healing is unusually fast.
Potions cannot restore your health.
You are immune to rotting.
Your bites deal extra damage.


Message History

Press: ? - help, Shift-Dir - straight line, f/p - adder
Aim: an adder (moderately wounded, poisoned)
You shoot a poisoned needle. The poisoned needle misses the adder.
Firing (i - inventory. (/) - cycle)
h - 78 poisoned needles (quivered)
Press: ? - help, Shift-Dir - straight line, f/p - adder
Aim: an adder (heavily wounded, poisoned)
You shoot a poisoned needle. The poisoned needle hits the adder.
The adder looks more poisoned.
The adder is heavily wounded.
An adder is nearby!
a - a +3 dagger (weapon)
The adder barely misses you.
You miss the adder. Your bite misses the adder.
The adder is almost dead.
The adder bites you. The adder bites you but does no damage.
You hit the adder.
You kill the adder!
No target in view!
No target in view!
HP restored.
An orc comes into view.
You see here a coral ring.
An orc is nearby!
b - a +0 blowgun (weapon)
The orc shouts!
Natasha, Servant of Life and Death comes into view.
Firing (i - inventory. (/) - cycle)
h - 77 poisoned needles (quivered)
Press: ? - help, Shift-Dir - straight line, f - Natasha
Aim: Natasha (hasn't noticed you)
You shoot a poisoned needle.
The poisoned needle barely misses Natasha.
Natasha hisses angrily.
Firing (i - inventory. (/) - cycle)
h - 76 poisoned needles (quivered)
Press: ? - help, Shift-Dir - straight line, f/p - Natasha
Aim: Natasha You shoot a poisoned needle.
The poisoned needle completely misses Natasha.
Firing (i - inventory. (/) - cycle)
h - 75 poisoned needles (quivered)
Press: ? - help, Shift-Dir - straight line, f/p - Natasha
Aim: Natasha You shoot a poisoned needle.
The poisoned needle closely misses Natasha.
Natasha stares at you and mumbles some strange words.
You feel yourself slow down.
Firing (i - inventory. (/) - cycle)
h - 74 poisoned needles (quivered)
Press: ? - help, Shift-Dir - straight line, f/p - Natasha
Aim: Natasha You shoot a poisoned needle.
The poisoned needle closely misses Natasha.
Firing (i - inventory. (/) - cycle)
h - 73 poisoned needles (quivered)
Press: ? - help, Shift-Dir - straight line, f/p - Natasha
Aim: Natasha You shoot a poisoned needle.
The poisoned needle barely misses the orc.
The poisoned needle hits Natasha.
Natasha is poisoned.
Natasha casts a spell.
The orc barely misses you.
Firing (i - inventory. (/) - cycle)
h - 72 poisoned needles (quivered)
Press: ? - help, Shift-Dir - straight line, f/p - Natasha
Aim: Natasha (poisoned)
You shoot a poisoned needle.
The poisoned needle closely misses Natasha.
The orc hits you.
The crimson imp blinks!
Natasha claws you.
a - a +3 dagger (weapon)
The orc misses you. Natasha barely misses you.
You hit Natasha.
Natasha is moderately wounded.
The orc hits you. Natasha casts a spell at you. The magic dart hits you!
You hit Natasha.
Natasha is moderately wounded.
The orc closely misses you.
The crimson imp shouts, "Run away, thou puny common-kissing death-token!"
Natasha casts a spell at you. The magic dart hits you!
The orc hits you but does no damage. The crimson imp barely misses you.
You barely miss Natasha.
Natasha is heavily wounded.
Natasha closely misses you. The orc hits you.
* * * LOW HITPOINT WARNING * * *
The crimson imp misses you.
You hit Natasha.
Natasha is heavily wounded.
Natasha closely misses you. The orc hits you.
* * * LOW HITPOINT WARNING * * *
The crimson imp barely misses you. Natasha claws you.
* * * LOW HITPOINT WARNING * * *
You hit Natasha.
Natasha is severely wounded.
Natasha looks more healthy.
The orc barely misses you. The crimson imp barely misses you.
Natasha barely misses you. The orc barely misses you.
Unknown command.
You hit Natasha.
Natasha is almost dead.
The crimson imp hits you.
* * * LOW HITPOINT WARNING * * *
Natasha claws you.
You die...

...... ..... ....
.... #.. ##.#####.
#oh...... #@.#
#.##5.# ...
#.....###....
#####.......#
#...........#
##..#.......#
######........####
.......<#..####
....#####..#


You could see Natasha, a crimson imp and an orc.

Vanquished Creatures
  Jessica (D:2)
  An adder (D:3)
  3 oozes
  A worm (D:2)
  A dart slug (D:1)
  A leopard gecko (D:1)
  8 bats
  2 giant cockroaches
  5 goblins
  7 hobgoblins
  A quokka (D:1)
  A ball python (D:1)
  2 frilled lizards
  2 kobolds (D:2)
  7 rats
43 creatures vanquished.

Notes
Turn   | Place    | Note
-------+----------+-------------------------------------------
     0 | D:1      | MisterOstroum the Vine Stalker Rogue began the quest for
                  | the Orb.
     0 | D:1      | Reached XP level 1. HP: 12/12 MP: 3/3
   176 | D:1      | Reached XP level 2. HP: 18/18 MP: 4/4
   378 | D:1      | Reached XP level 3. HP: 23/23 MP: 5/5
   643 | D:2      | Found an ornate altar of the Wu Jian Council.
   709 | D:2      | Reached skill level 6 in Stealth
   773 | D:2      | Noticed Terence
   796 | D:2      | Found an opulent altar of Gozag.
   923 | D:2      | Reached XP level 4. HP: 28/28 MP: 6/6
  1055 | D:2      | Noticed Jessica
  1064 | D:2      | Killed Jessica
  1064 | D:2      | Reached skill level 1 in Dodging
  1463 | D:3      | Noticed Natasha
  1476 | D:3      | HP: 1/28 [crimson imp[Natasha] (3)]
  1476 | D:3      | Slain by Natasha

Skill      XL: |  1  2  3  4 |
---------------+-------------+-----
Fighting       | 2 3 |  3.0
Short Blades   | 2 |  2.5
Evocations     | 2 |  2.2
Stealth        | 6 |  6.2
Dodging        | 1 |  1.1

Action                   |  1- 3 |  4- 6 || total
-------------------------+-------+-------++-------
Melee: Dagger            |   103 |    14 ||   117
       Bite              |    16 |       ||    16
 Fire: Blowgun           |       |     9 ||     9
  Use: Scroll            |       |     1 ||     1
 Stab: Sleeping          |    10 |     2 ||    12
  Eat: Chunk             |       |     1 ||     1
Armor: Robe              |    28 |     3 ||    31
Dodge: Dodged            |    56 |    15 ||    71
